 Dungeon Crawl Stone Soup version 0.24-a0-408-gcc1054c7ca (webtiles) character file.

Game seed: 635230989823506048

44 Amnesiac the Insei (level 3, -1/23 HPs)
             Began as an Octopode Transmuter on June 3, 2019.
             Slain by a hobgoblin
             ... wielding a +0 club
              (6 damage)
             ... on level 3 of the Dungeon on June 5, 2019.
             The game lasted 00:04:26 (1184 turns).

Amnesiac the Insei (Octopode Transmuter)            Turns: 1184, Time: 00:04:27

Health: -1/23      AC:  1    Str:  9    XL:     3   Next: 62%
Magic:  2/6        EV: 15    Int: 15    God:
Gold:   26         SH:  0    Dex: 13    Spells: 0/6 levels left

rFire    . . .     SeeInvis .     - Unarmed
rCold    . . .     Gourm    .   (no shield)
rNeg     . . .     Faith    .   (helmet restricted)
rPois    .         Spirit   .   (no amulet)
rElec    .         Reflect  .   b - +2 ring of evasion
rCorr    .         Harm     .   (no ring)
MR       .....                  (no ring)
Stlth    ++........             (no ring)
HPRegen  0.07/turn              (no ring)
MPRegen  0.10/turn              (no ring)
                                (no ring)
                                (no ring)

@: very slightly contaminated
A: almost no armour, stealthy swim, amphibious, 8 rings, constrict 8, camouflage
1, gelatinous body 1
a: no special abilities


You were on level 3 of the Dungeon.
You were not hungry.

You visited 1 branch of the dungeon, and saw 3 of its levels.

You collected 26 gold pieces.

Inventory:

Missiles
 a - 33 arrows
Jewellery
 b - a +2 ring of evasion (left tentacle)
Scrolls
 d - 3 scrolls of remove curse {!r, unknown}
 e - 3 scrolls of immolation {!r, unknown}
 g - a scroll of fear {!r, unknown}
 h - a scroll of enchant weapon {!r, unknown}
Comestibles
 c - 2 rations
 f - a chunk of flesh


   Skills:
 + Level 1.3 Fighting
 - Level 2.0 Dodging
 * Level 3.3 Unarmed Combat
 - Level 2.0 Spellcasting
 * Level 3.3 Transmutations


You couldn't memorise any spells.
You knew the following spells:

 Your Spells              Type           Power        Failure   Level  Hunger
b - Sticks to Snakes      Tmut           ##......     9%          2    ###....
e - Spider Form           Tmut/Pois      #.........   32%         3    ###....
s - Beastly Appendage     Tmut           ##....       5%          1    #......

Your spell library contained the following spells:

 Spells                   Type           Power        Failure   Level  Hunger
 Ice Form                 Ice/Tmut       #.......     73%         4    #####..
 Blade Hands              Tmut           ##........   83%         5    ######.


Dungeon Overview and Level Annotations

Branches:
Dungeon (3/15)

Altars:

Annotations:
D:2 Robin


Innate Abilities, Weirdness & Mutations

You cannot wear most types of armour.
You are very stealthy in the water. (Stealth+)
You are amphibious.
You can wear up to eight rings at the same time.
You can use your tentacles to constrict eight enemies at once.
Your skin changes colour to match your surroundings (Stealth+).
Your rubbery body absorbs attacks. (AC +1, EV +1)


Message History

You tentacle-slap the jackal. You grab the jackal.
The jackal is moderately wounded.
You constrict the jackal. The jackal completely misses you.
You tentacle-slap the jackal but do no damage.
The jackal is heavily wounded.
You constrict the jackal. The jackal misses you. The jackal bites you.
You tentacle-slap the jackal but do no damage.
You squeeze the jackal, but do no damage.
The jackal is almost dead.
You constrict the jackal.
You kill the jackal!
Things that are here:
a jackal corpse x2
The orc hits you from afar with a +0 trident!
* * * LOW HITPOINT WARNING * * *
There is a stone staircase leading down here.
You see here a jackal corpse.
The orc hits you from afar with a +0 trident.
* * * LOW HITPOINT WARNING * * *
The orc drinks a potion.
The orc seems to grow stronger.
You climb downwards.
The hobgoblin shouts!
There is a stone staircase leading up here.
A hobgoblin is nearby!
Casting: Sticks to Snakes (safe; 9% risk of failure)
Confirm with . or Enter, or press ? or * to list all spells.
You create a snake!
You now have 34 arrows.
What are your orders? t - Shout!
Orders for allies: a - Attack new target. r - Retreat! s - Stop attacking. g - Guard the area. f - Follow me.
Anything else - Cancel.
Gang up on whom?
Press: ? - help, Dir - move target cursor, f - hobgoblin
Aim: a hobgoblin, wielding a +0 club Attack!
Found a helmet.
Found a stone staircase leading down.
Found 18 arrows.
Found a spear.
A kobold comes into view. It is wielding a +0 whip.
The kobold throws a stone.
The stone completely misses you.
You see here a stone.
Really walk into that teleport trap?
You enter a teleport trap!
The teleport trap disappears.
Your surroundings suddenly seem different.
You start resting.
Magic restored.
You start resting.
Your adder withers and dies!
The hobgoblin is too close now for your liking.
Casting: Sticks to Snakes (safe; 9% risk of failure)
Confirm with . or Enter, or press ? or * to list all spells.
You miscast Sticks to Snakes.
You are very lightly contaminated with residual magic.
You smell something strange.
The hobgoblin shouts!
Casting: Sticks to Snakes (safe; 9% risk of failure)
Confirm with . or Enter, or press ? or * to list all spells.
You create a snake!
You now have 33 arrows.
The hobgoblin hits you with a +0 club.
You die...

....##..........#
....##..........#
.#.[.....S....
...>...........
#..####...g....
#..# ##...##..
#.# #...(....
#####S#
#.........
#..@g.#
#....(....
#..#####
#.......... #.
#)......... #
....#...##..
.######## .. ..


You could see a hobgoblin and a friendly ball python.

Vanquished Creatures
  2 adders
  A dart slug (D:2)
  A giant cockroach (D:1)
  2 goblins
  A hobgoblin (D:1)
  6 jackals
  A ball python (D:1)
  4 bats
  5 kobolds
  A rat (D:1)
24 creatures vanquished.

Notes
Turn   | Place    | Note
-------+----------+-------------------------------------------
     0 | D:1      | Amnesiac the Octopode Transmuter began the quest for the
                  | Orb.
     0 | D:1      | Reached XP level 1. HP: 13/13 MP: 3/3
   243 | D:1      | Reached XP level 2. HP: 18/18 MP: 5/5
   247 | D:1      | Upgraded the game from 0.24-a0-381-g637bb3806f to
                  | 0.24-a0-408-gcc1054c7ca
   404 | D:1      | Learned a level 2 spell: Sticks to Snakes
   680 | D:2      | Reached XP level 3. HP: 10/23 MP: 6/6
   699 | D:2      | Learned a level 3 spell: Spider Form
   986 | D:2      | Noticed Robin
  1184 | D:3      | Slain by a hobgoblin

Levels and vault maps discovered:
D:1:      ncdulo_watergridlock, layout_basic
D:2:      layout_basic, first_ration, kennysheep_potato, uniq_robin
D:3:      layout_rooms

Skill      XL: |  1  2 |
---------------+-------+-----
Transmutations | 3 |  3.3
Fighting       | |  1.3
Dodging        | |  2.0
Unarmed Combat | |  3.3
Spellcasting   | |  2.0

Action                   || total
-------------------------++-------
Melee: Unarmed           ||    56
       Tentacles         ||    12
       Constrict         ||    22
       Punch             ||     2
 Cast: Sticks to Snakes  ||     3
 Stab: Sleeping          ||     1
  Eat: Chunk             ||     1
Dodge: Dodged            ||    49

Table legend:
 A = Non-vault XP
 B = Vault XP
 C = Vault XP percentage of total XP
 D = Non-vault monster count
 E = Vault monster count
 F = Vault count percentage of total count
                 A         B        C        D         E       F
            +---------+---------+-------+---------+---------+-------
      Total |      64 |       0 |   0.0 |      24 |       0 |   0.0
            +---------+---------+-------+---------+---------+-------
        D:1 |      22 |       0 |   0.0 |      14 |       0 |   0.0
        D:2 |      26 |       0 |   0.0 |       7 |       0 |   0.0
        D:3 |      16 |       0 |   0.0 |       3 |       0 |   0.0
            +---------+---------+-------+---------+---------+-------
